AoeStats
← Curbob

African Clearing

505774681Analyzed
2v2 RM · 21d ago on Sep 11, 2026· 44m 59s· 4 players
Game mode
Random Map
Map size
Medium (4 player)
Population
200
Speed
Normal
Resources
Standard
Victory
Conquest
Starting age
Dark Age
Ending age
Imperial Age
RankedLock teamsTeams togetherTeam positionsShared explorationLock speedFull tech treeHidden civsTurbo modeCheats
Victory
Defeat
🇺🇸 Chinese · United States
1286
+17
🇲🇽 Magyars · Mexico
1250
+18
🇺🇸 Shu · United States
1308
-18
🇺🇸 Gurjaras · United States
1288
-17
Ray
2:57 Loom
13:12 Feudal Age
16:59 Castle Age
14:49 Double-Bit Axe
15:44 Horse Collar
21:30 Wheelbarrow
20:58 Heavy Plow
21:10 Bow Saw
25:43 Gold Mining
26:52 Fletching
27:44 Bodkin Arrow
28:52 Scale Barding Armor
28:57 Forging
29:22 Bloodlines
29:12 Husbandry
29:44 Town Watch
30:52 Sanctity
30:55 Stone Mining
32:04 Chain Barding Armor
32:28 Town Patrol
32:50 Hand Cart
34:58 Town Patrol
37:13 Gold Shaft Mining
37:15 Stone Shaft Mining
41:43 Imperial Age
43:00 Plate Barding Armor
43:00 Iron Casting
41:47 Cavalier
42:54 Conscription
44:23 Two-Man Saw
Exori
9:48 Loom
12:21 Feudal Age
13:13 Double-Bit Axe
13:13 Horse Collar
22:01 Castle Age
20:42 Bloodlines
21:56 Scale Barding Armor
23:28 Chain Barding Armor
37:49 Fletching
38:43 Bodkin Arrow
38:51 Town Watch
41:24 Wheelbarrow
44:24 Imperial Age
42:51 Bow Saw
44:04 Corvinian Army
44:50 Heavy Plow
46:04 Plate Barding Armor
45:53 Conscription
Snoopy
9:50 Loom
13:44 Feudal Age
14:52 Double-Bit Axe
17:52 Castle Age
16:44 Fletching
18:02 Crossbowman
25:27 Bodkin Arrow
32:46 Imperial Age
31:15 Gold Mining
31:34 Kshatriyas
32:18 Scale Barding Armor
33:39 Bracer
35:20 Bow Saw
36:05 Conscription
38:48 Chemistry
38:22 Frontier Guards
42:54 Husbandry
44:02 Thumb Ring
44:19 Bloodlines
45:46 Ballistics
Curbob
4:20 Loom
13:16 Feudal Age
15:10 Double-Bit Axe
17:57 Castle Age
21:05 Bow Saw
23:08 Fletching
24:35 Bodkin Arrow
24:57 Gold Mining
25:01 Crossbowman
29:48 Padded Archer Armor
31:25 Ballistics
40:05 Wheelbarrow
40:24 Leather Archer Armor
40:23 Pikeman
41:04 Squires
42:21 Hand Cart
43:43 Horse Collar
Connection lost

Rejoining the realm…

Still unreachable

The connection could not be restored.

Session expired

The server has moved on; the page needs a fresh start.